AoeStats
← 小叶锤你脑瓜

Arabian Desert

510701957Analyzed
1v1 RM · 9h ago on Oct 2, 2026· 56m 58s· 2 players
Game mode
Random Map
Map size
Tiny (2 player)
Population
200
Speed
Normal
Resources
Standard
Victory
Conquest
Starting age
Dark Age
Ending age
Imperial Age
RankedLock teamsTeams togetherTeam positionsShared explorationLock speedFull tech treeHidden civsTurbo modeCheats
Victory
Defeat
🇺🇸 Vietnamese · United States
1041
+14
🇨🇳 Saracens · China
1000
-14
小叶锤你脑瓜
10:55 Feudal Age
12:07 Double-Bit Axe
13:49 Loom
18:49 Castle Age
16:55 Horse Collar
19:52 Stone Mining
22:20 Gold Mining
29:05 Gold Shaft Mining
32:53 Imperial Age
30:02 Crossbowman
31:46 Thumb Ring
31:35 Fletching
33:00 Bodkin Arrow
33:17 Padded Archer Armor
33:38 Bloodlines
34:17 Ballistics
33:33 Arbalester
35:43 Bracer
35:59 Leather Archer Armor
39:47 Chemistry
40:56 Ring Archer Armor
41:02 Elite Mameluke
43:15 Forging
43:11 Scale Barding Armor
45:38 Conscription
45:33 Bimaristan
46:41 Chain Barding Armor
46:56 Iron Casting
49:11 Husbandry
50:47 Plate Barding Armor
51:12 Blast Furnace
54:43 Light Cavalry
55:58 Counterweights
55:59 Siege Engineers
55:24 Hussar
56:50 Capped Ram
Tim
5:08 Loom
6:07 Loom
9:36 Feudal Age
10:50 Double-Bit Axe
20:33 Castle Age
19:00 Horse Collar
20:29 Fletching
21:02 Gold Mining
21:36 Elite Skirmisher
22:18 Padded Archer Armor
24:24 Squires
24:26 Scale Mail Armor
25:53 Chain Mail Armor
29:15 Bow Saw
30:21 Town Watch
33:19 Heavy Plow
38:17 Leather Archer Armor
42:02 Imperial Age
40:22 Bodkin Arrow
42:56 Imperial Skirmisher
44:23 Bracer
44:54 Ring Archer Armor
43:50 Pikeman
45:59 Chemistry
45:20 Ballistics
46:47 Wheelbarrow
46:55 Plate Mail Armor
46:37 Halberdier
49:55 Paper Money
49:55 Crossbowman
50:49 Arbalester
51:36 Thumb Ring
54:09 Two-Man Saw
53:40 Crop Rotation
52:51 Elite Rattan Archer
54:10 Hand Cart
54:27 Scale Barding Armor
54:32 Forging
54:24 Husbandry
54:35 Bloodlines
53:46 Light Cavalry
56:20 Chain Barding Armor
56:44 Iron Casting
Connection lost

Rejoining the realm…

Still unreachable

The connection could not be restored.

Session expired

The server has moved on; the page needs a fresh start.